Workbook

Sheet Panel
B2: Panel del amigo invisible
B3: Resumen automático del evento: cuántos participan, cuánto llevas gastado y qué regalos faltan por comprar.
B5: PARTICIPANTES | C5: PRESUPUESTO MÁX. POR REGALO | D5: BOTE TOTAL PREVISTO | E5: GASTO REAL | G5: DÍAS PARA EL INTERCAMBIO
B6: =Participantes!F6 | C6: =Participantes!F5 | D6: =Participantes!F6*Participantes!F5 | E6: =SUM(Regalos!E9:E48) | G6: =IF(Participantes!C6="","-",MAX(0,Participantes!C6-TODAY()))
B8: REGALOS COMPRADOS | C8: REGALOS ENTREGADOS | D8: % COMPLETADO (ENTREGADOS) | E8: REGALOS QUE SE PASAN | G8: AVISOS DEL SORTEO
B9: =COUNTIF(Regalos!F9:F48,"Sí") | C9: =COUNTIF(Regalos!$H$9:$H$48,"Entregado") | D9: =IF(Participantes!F6=0,0,COUNTIF(Regalos!$H$9:$H$48,"Entregado")/Participantes!F6) | E9: =COUNTIF(Regalos!I9:I48,"Se pasa") | G9: =Sorteo!E6
B11: ESTADO DE LOS REGALOS
B12: Estado | C12: Nº | D12: %
B13: Pendiente | C13: =COUNTIF(Regalos!$H$9:$H$48,B13) | D13: =IF($C$16=0,0,C13/$C$16)
B14: Comprado | C14: =COUNTIF(Regalos!$H$9:$H$48,B14) | D14: =IF($C$16=0,0,C14/$C$16)
B15: Entregado | C15: =COUNTIF(Regalos!$H$9:$H$48,B15) | D15: =IF($C$16=0,0,C15/$C$16)
B16: Total | C16: =SUM(C13:C15) | D16: =SUM(D13:D15)
B19: QUÉ FALTA POR COMPRAR
B20: Regala | C20: A quién | D20: Idea de regalo
B21: =IF($J21="","",INDEX(Regalos!$B$9:$B$48,MATCH($J21,Regalos!$K$9:$K$48,0))&"") | C21: =IF($J21="","",INDEX(Regalos!$C$9:$C$48,MATCH($J21,Regalos!$K$9:$K$48,0))&"") | D21: =IF($J21="","",INDEX(Regalos!$D$9:$D$48,MATCH($J21,Regalos!$K$9:$K$48,0))&"") | J21: =IFERROR(SMALL(Regalos!$K$9:$K$48,1),"")
B22: =IF($J22="","",INDEX(Regalos!$B$9:$B$48,MATCH($J22,Regalos!$K$9:$K$48,0))&"") | C22: =IF($J22="","",INDEX(Regalos!$C$9:$C$48,MATCH($J22,Regalos!$K$9:$K$48,0))&"") | D22: =IF($J22="","",INDEX(Regalos!$D$9:$D$48,MATCH($J22,Regalos!$K$9:$K$48,0))&"") | J22: =IFERROR(SMALL(Regalos!$K$9:$K$48,2),"")
B23: =IF($J23="","",INDEX(Regalos!$B$9:$B$48,MATCH($J23,Regalos!$K$9:$K$48,0))&"") | C23: =IF($J23="","",INDEX(Regalos!$C$9:$C$48,MATCH($J23,Regalos!$K$9:$K$48,0))&"") | D23: =IF($J23="","",INDEX(Regalos!$D$9:$D$48,MATCH($J23,Regalos!$K$9:$K$48,0))&"") | J23: =IFERROR(SMALL(Regalos!$K$9:$K$48,3),"")
B24: =IF($J24="","",INDEX(Regalos!$B$9:$B$48,MATCH($J24,Regalos!$K$9:$K$48,0))&"") | C24: =IF($J24="","",INDEX(Regalos!$C$9:$C$48,MATCH($J24,Regalos!$K$9:$K$48,0))&"") | D24: =IF($J24="","",INDEX(Regalos!$D$9:$D$48,MATCH($J24,Regalos!$K$9:$K$48,0))&"") | J24: =IFERROR(SMALL(Regalos!$K$9:$K$48,4),"")
B25: =IF($J25="","",INDEX(Regalos!$B$9:$B$48,MATCH($J25,Regalos!$K$9:$K$48,0))&"") | C25: =IF($J25="","",INDEX(Regalos!$C$9:$C$48,MATCH($J25,Regalos!$K$9:$K$48,0))&"") | D25: =IF($J25="","",INDEX(Regalos!$D$9:$D$48,MATCH($J25,Regalos!$K$9:$K$48,0))&"") | J25: =IFERROR(SMALL(Regalos!$K$9:$K$48,5),"")
B26: =IF($J26="","",INDEX(Regalos!$B$9:$B$48,MATCH($J26,Regalos!$K$9:$K$48,0))&"") | C26: =IF($J26="","",INDEX(Regalos!$C$9:$C$48,MATCH($J26,Regalos!$K$9:$K$48,0))&"") | D26: =IF($J26="","",INDEX(Regalos!$D$9:$D$48,MATCH($J26,Regalos!$K$9:$K$48,0))&"") | J26: =IFERROR(SMALL(Regalos!$K$9:$K$48,6),"")
B27: =IF($J27="","",INDEX(Regalos!$B$9:$B$48,MATCH($J27,Regalos!$K$9:$K$48,0))&"") | C27: =IF($J27="","",INDEX(Regalos!$C$9:$C$48,MATCH($J27,Regalos!$K$9:$K$48,0))&"") | D27: =IF($J27="","",INDEX(Regalos!$D$9:$D$48,MATCH($J27,Regalos!$K$9:$K$48,0))&"") | J27: =IFERROR(SMALL(Regalos!$K$9:$K$48,7),"")
B28: =IF($J28="","",INDEX(Regalos!$B$9:$B$48,MATCH($J28,Regalos!$K$9:$K$48,0))&"") | C28: =IF($J28="","",INDEX(Regalos!$C$9:$C$48,MATCH($J28,Regalos!$K$9:$K$48,0))&"") | D28: =IF($J28="","",INDEX(Regalos!$D$9:$D$48,MATCH($J28,Regalos!$K$9:$K$48,0))&"") | J28: =IFERROR(SMALL(Regalos!$K$9:$K$48,8),"")
B30: Los importes y nombres de ejemplo son ficticios: sustitúyelos por los tuyos en las hojas de entrada (celdas crema).

Sheet Participantes
B2: Participantes del amigo invisible
B3: Escribe a quien participa y el grupo (pareja o familia) para que no se regalen entre ellos. El orden del sorteo queda fijado en «Nº de sorteo».
B5: Evento: | C5: Amigo invisible de la oficina | D5: Presupuesto máx. (€): | F5: 20
B6: Fecha del intercambio: | C6: 46379 | D6: Participantes: | F6: =COUNTIF(B9:B48,"?*")
B8: Nombre | C8: Grupo (pareja / familia) | D8: Nº de sorteo | E8: Posición en el sorteo | F8: Comprobación
B9: Ana | C9: Pareja 1 | D9: 137 | E9: =IF(B9="","",SUMPRODUCT(($B$9:$B$48<>"")*($D$9:$D$48<D9))+1) | F9: =IF(B9="","",IF(COUNTIF($B$9:$B$48,B9)>1,"Nombre repetido",IF(COUNTIF($D$9:$D$48,D9)>1,"Nº de sorteo repetido","OK")))
B10: Bruno | C10: Pareja 1 | D10: 391 | E10: =IF(B10="","",SUMPRODUCT(($B$9:$B$48<>"")*($D$9:$D$48<D10))+1) | F10: =IF(B10="","",IF(COUNTIF($B$9:$B$48,B10)>1,"Nombre repetido",IF(COUNTIF($D$9:$D$48,D10)>1,"Nº de sorteo repetido","OK")))
B11: Carla | C11: Pareja 2 | D11: 214 | E11: =IF(B11="","",SUMPRODUCT(($B$9:$B$48<>"")*($D$9:$D$48<D11))+1) | F11: =IF(B11="","",IF(COUNTIF($B$9:$B$48,B11)>1,"Nombre repetido",IF(COUNTIF($D$9:$D$48,D11)>1,"Nº de sorteo repetido","OK")))
B12: David | C12: Pareja 2 | D12: 577 | E12: =IF(B12="","",SUMPRODUCT(($B$9:$B$48<>"")*($D$9:$D$48<D12))+1) | F12: =IF(B12="","",IF(COUNTIF($B$9:$B$48,B12)>1,"Nombre repetido",IF(COUNTIF($D$9:$D$48,D12)>1,"Nº de sorteo repetido","OK")))
B13: Elena | C13: Pareja 3 | D13: 268 | E13: =IF(B13="","",SUMPRODUCT(($B$9:$B$48<>"")*($D$9:$D$48<D13))+1) | F13: =IF(B13="","",IF(COUNTIF($B$9:$B$48,B13)>1,"Nombre repetido",IF(COUNTIF($D$9:$D$48,D13)>1,"Nº de sorteo repetido","OK")))
B14: Fernando | C14: Pareja 3 | D14: 688 | E14: =IF(B14="","",SUMPRODUCT(($B$9:$B$48<>"")*($D$9:$D$48<D14))+1) | F14: =IF(B14="","",IF(COUNTIF($B$9:$B$48,B14)>1,"Nombre repetido",IF(COUNTIF($D$9:$D$48,D14)>1,"Nº de sorteo repetido","OK")))
B15: Gloria | C15: Pareja 4 | D15: 452 | E15: =IF(B15="","",SUMPRODUCT(($B$9:$B$48<>"")*($D$9:$D$48<D15))+1) | F15: =IF(B15="","",IF(COUNTIF($B$9:$B$48,B15)>1,"Nombre repetido",IF(COUNTIF($D$9:$D$48,D15)>1,"Nº de sorteo repetido","OK")))
B16: Héctor | C16: Pareja 4 | D16: 829 | E16: =IF(B16="","",SUMPRODUCT(($B$9:$B$48<>"")*($D$9:$D$48<D16))+1) | F16: =IF(B16="","",IF(COUNTIF($B$9:$B$48,B16)>1,"Nombre repetido",IF(COUNTIF($D$9:$D$48,D16)>1,"Nº de sorteo repetido","OK")))
B17: Irene | C17: Pareja 5 | D17: 613 | E17: =IF(B17="","",SUMPRODUCT(($B$9:$B$48<>"")*($D$9:$D$48<D17))+1) | F17: =IF(B17="","",IF(COUNTIF($B$9:$B$48,B17)>1,"Nombre repetido",IF(COUNTIF($D$9:$D$48,D17)>1,"Nº de sorteo repetido","OK")))
B18: Jorge | C18: Pareja 5 | D18: 961 | E18: =IF(B18="","",SUMPRODUCT(($B$9:$B$48<>"")*($D$9:$D$48<D18))+1) | F18: =IF(B18="","",IF(COUNTIF($B$9:$B$48,B18)>1,"Nombre repetido",IF(COUNTIF($D$9:$D$48,D18)>1,"Nº de sorteo repetido","OK")))
B19: Karen | C19: Pareja 6 | D19: 745 | E19: =IF(B19="","",SUMPRODUCT(($B$9:$B$48<>"")*($D$9:$D$48<D19))+1) | F19: =IF(B19="","",IF(COUNTIF($B$9:$B$48,B19)>1,"Nombre repetido",IF(COUNTIF($D$9:$D$48,D19)>1,"Nº de sorteo repetido","OK")))
B20: Luis | C20: Pareja 6 | D20: 903 | E20: =IF(B20="","",SUMPRODUCT(($B$9:$B$48<>"")*($D$9:$D$48<D20))+1) | F20: =IF(B20="","",IF(COUNTIF($B$9:$B$48,B20)>1,"Nombre repetido",IF(COUNTIF($D$9:$D$48,D20)>1,"Nº de sorteo repetido","OK")))
D21: 335 | E21: =IF(B21="","",SUMPRODUCT(($B$9:$B$48<>"")*($D$9:$D$48<D21))+1) | F21: =IF(B21="","",IF(COUNTIF($B$9:$B$48,B21)>1,"Nombre repetido",IF(COUNTIF($D$9:$D$48,D21)>1,"Nº de sorteo repetido","OK")))
D22: 860 | E22: =IF(B22="","",SUMPRODUCT(($B$9:$B$48<>"")*($D$9:$D$48<D22))+1) | F22: =IF(B22="","",IF(COUNTIF($B$9:$B$48,B22)>1,"Nombre repetido",IF(COUNTIF($D$9:$D$48,D22)>1,"Nº de sorteo repetido","OK")))
D23: 388 | E23: =IF(B23="","",SUMPRODUCT(($B$9:$B$48<>"")*($D$9:$D$48<D23))+1) | F23: =IF(B23="","",IF(COUNTIF($B$9:$B$48,B23)>1,"Nombre repetido",IF(COUNTIF($D$9:$D$48,D23)>1,"Nº de sorteo repetido","OK")))
D24: 480 | E24: =IF(B24="","",SUMPRODUCT(($B$9:$B$48<>"")*($D$9:$D$48<D24))+1) | F24: =IF(B24="","",IF(COUNTIF($B$9:$B$48,B24)>1,"Nombre repetido",IF(COUNTIF($D$9:$D$48,D24)>1,"Nº de sorteo repetido","OK")))
D25: 840 | E25: =IF(B25="","",SUMPRODUCT(($B$9:$B$48<>"")*($D$9:$D$48<D25))+1) | F25: =IF(B25="","",IF(COUNTIF($B$9:$B$48,B25)>1,"Nombre repetido",IF(COUNTIF($D$9:$D$48,D25)>1,"Nº de sorteo repetido","OK")))
D26: 823 | E26: =IF(B26="","",SUMPRODUCT(($B$9:$B$48<>"")*($D$9:$D$48<D26))+1) | F26: =IF(B26="","",IF(COUNTIF($B$9:$B$48,B26)>1,"Nombre repetido",IF(COUNTIF($D$9:$D$48,D26)>1,"Nº de sorteo repetido","OK")))
D27: 895 | E27: =IF(B27="","",SUMPRODUCT(($B$9:$B$48<>"")*($D$9:$D$48<D27))+1) | F27: =IF(B27="","",IF(COUNTIF($B$9:$B$48,B27)>1,"Nombre repetido",IF(COUNTIF($D$9:$D$48,D27)>1,"Nº de sorteo repetido","OK")))
D28: 393 | E28: =IF(B28="","",SUMPRODUCT(($B$9:$B$48<>"")*($D$9:$D$48<D28))+1) | F28: =IF(B28="","",IF(COUNTIF($B$9:$B$48,B28)>1,"Nombre repetido",IF(COUNTIF($D$9:$D$48,D28)>1,"Nº de sorteo repetido","OK")))
D29: 164 | E29: =IF(B29="","",SUMPRODUCT(($B$9:$B$48<>"")*($D$9:$D$48<D29))+1) | F29: =IF(B29="","",IF(COUNTIF($B$9:$B$48,B29)>1,"Nombre repetido",IF(COUNTIF($D$9:$D$48,D29)>1,"Nº de sorteo repetido","OK")))
D30: 909 | E30: =IF(B30="","",SUMPRODUCT(($B$9:$B$48<>"")*($D$9:$D$48<D30))+1) | F30: =IF(B30="","",IF(COUNTIF($B$9:$B$48,B30)>1,"Nombre repetido",IF(COUNTIF($D$9:$D$48,D30)>1,"Nº de sorteo repetido","OK")))
D31: 156 | E31: =IF(B31="","",SUMPRODUCT(($B$9:$B$48<>"")*($D$9:$D$48<D31))+1) | F31: =IF(B31="","",IF(COUNTIF($B$9:$B$48,B31)>1,"Nombre repetido",IF(COUNTIF($D$9:$D$48,D31)>1,"Nº de sorteo repetido","OK")))
D32: 690 | E32: =IF(B32="","",SUMPRODUCT(($B$9:$B$48<>"")*($D$9:$D$48<D32))+1) | F32: =IF(B32="","",IF(COUNTIF($B$9:$B$48,B32)>1,"Nombre repetido",IF(COUNTIF($D$9:$D$48,D32)>1,"Nº de sorteo repetido","OK")))
... D48: 230 | E48: =IF(B48="","",SUMPRODUCT(($B$9:$B$48<>"")*($D$9:$D$48<D48))+1) | F48: =IF(B48="","",IF(COUNTIF($B$9:$B$48,B48)>1,"Nombre repetido",IF(COUNTIF($D$9:$D$48,D48)>1,"Nº de sorteo repetido","OK")))

Sheet Sorteo
B2: Sorteo del amigo invisible
B3: Cada persona regala a la siguiente del orden fijado: nadie se toca a sí mismo y el resultado no cambia al abrir el archivo.
B5: Mostrar resultados: | C5: Sí | D5: Estado: | E5: =IF(C6<2,"Faltan participantes",IF(COUNTIF(F9:F48,"OK")=C6,"Sorteo válido","Revisar avisos")) | I5: CONSULTA PRIVADA
B6: Participantes: | C6: =Participantes!F6 | D6: Avisos: | E6: =IF(C6=0,0,COUNTIF(B9:B48,"?*")-COUNTIF(F9:F48,"OK")) | I6: Elige tu nombre:
I7: Tu amigo invisible es: | J7: =IF(J6="","",IFERROR(INDEX($G$9:$G$48,MATCH(J6,$B$9:$B$48,0)),""))
B8: Participante | C8: Regala a | D8: Presupuesto máx. | E8: Grupo de quien recibe | F8: Control | G8: Receptor (aux.) | I8: Presupuesto máximo: | J8: =IF(J7="","",Participantes!$F$5)
B9: =IF(Participantes!B9="","",Participantes!B9) | C9: =IF(B9="","",IF($C$5="Sí",G9,"••••••")) | D9: =IF(B9="","",Participantes!$F$5) | E9: =IF(OR(B9="",G9=""),"",IFERROR(INDEX(Participantes!$C$9:$C$48,MATCH(G9,Participantes!$B$9:$B$48,0))&"","")) | F9: =IF(B9="","",IF($C$6<2,"Faltan participantes",IF(G9="","Revisa nº de sorteo",IF(G9=B9,"Se toca a sí mismo",IF(AND(E9<>"",E9=Participantes!C9&""),"Mismo grupo","OK"))))) | G9: =IF(OR(B9="",$C$6<2),"",IFERROR(INDEX(Participantes!$B$9:$B$48,MATCH(IF(Participantes!E9=$C$6,1,Participantes!E9+1),Participantes!$E$9:$E$48,0)),""))
B10: =IF(Participantes!B10="","",Participantes!B10) | C10: =IF(B10="","",IF($C$5="Sí",G10,"••••••")) | D10: =IF(B10="","",Participantes!$F$5) | E10: =IF(OR(B10="",G10=""),"",IFERROR(INDEX(Participantes!$C$9:$C$48,MATCH(G10,Participantes!$B$9:$B$48,0))&"","")) | F10: =IF(B10="","",IF($C$6<2,"Faltan participantes",IF(G10="","Revisa nº de sorteo",IF(G10=B10,"Se toca a sí mismo",IF(AND(E10<>"",E10=Participantes!C10&""),"Mismo grupo","OK"))))) | G10: =IF(OR(B10="",$C$6<2),"",IFERROR(INDEX(Participantes!$B$9:$B$48,MATCH(IF(Participantes!E10=$C$6,1,Participantes!E10+1),Participantes!$E$9:$E$48,0)),"")) | I10: Ideas de su lista de deseos
B11: =IF(Participantes!B11="","",Participantes!B11) | C11: =IF(B11="","",IF($C$5="Sí",G11,"••••••")) | D11: =IF(B11="","",Participantes!$F$5) | E11: =IF(OR(B11="",G11=""),"",IFERROR(INDEX(Participantes!$C$9:$C$48,MATCH(G11,Participantes!$B$9:$B$48,0))&"","")) | F11: =IF(B11="","",IF($C$6<2,"Faltan participantes",IF(G11="","Revisa nº de sorteo",IF(G11=B11,"Se toca a sí mismo",IF(AND(E11<>"",E11=Participantes!C11&""),"Mismo grupo","OK"))))) | G11: =IF(OR(B11="",$C$6<2),"",IFERROR(INDEX(Participantes!$B$9:$B$48,MATCH(IF(Participantes!E11=$C$6,1,Participantes!E11+1),Participantes!$E$9:$E$48,0)),"")) | I11: Idea de regalo | J11: Precio aprox.
B12: =IF(Participantes!B12="","",Participantes!B12) | C12: =IF(B12="","",IF($C$5="Sí",G12,"••••••")) | D12: =IF(B12="","",Participantes!$F$5) | E12: =IF(OR(B12="",G12=""),"",IFERROR(INDEX(Participantes!$C$9:$C$48,MATCH(G12,Participantes!$B$9:$B$48,0))&"","")) | F12: =IF(B12="","",IF($C$6<2,"Faltan participantes",IF(G12="","Revisa nº de sorteo",IF(G12=B12,"Se toca a sí mismo",IF(AND(E12<>"",E12=Participantes!C12&""),"Mismo grupo","OK"))))) | G12: =IF(OR(B12="",$C$6<2),"",IFERROR(INDEX(Participantes!$B$9:$B$48,MATCH(IF(Participantes!E12=$C$6,1,Participantes!E12+1),Participantes!$E$9:$E$48,0)),"")) | I12: =IF($L12="","",INDEX(Deseos!$C$9:$C$48,MATCH($L12,Deseos!$H$9:$H$48,0))) | J12: =IF($L12="","",INDEX(Deseos!$D$9:$D$48,MATCH($L12,Deseos!$H$9:$H$48,0))) | L12: =IFERROR(SMALL(Deseos!$H$9:$H$48,1),"")
B13: =IF(Participantes!B13="","",Participantes!B13) | C13: =IF(B13="","",IF($C$5="Sí",G13,"••••••")) | D13: =IF(B13="","",Participantes!$F$5) | E13: =IF(OR(B13="",G13=""),"",IFERROR(INDEX(Participantes!$C$9:$C$48,MATCH(G13,Participantes!$B$9:$B$48,0))&"","")) | F13: =IF(B13="","",IF($C$6<2,"Faltan participantes",IF(G13="","Revisa nº de sorteo",IF(G13=B13,"Se toca a sí mismo",IF(AND(E13<>"",E13=Participantes!C13&""),"Mismo grupo","OK"))))) | G13: =IF(OR(B13="",$C$6<2),"",IFERROR(INDEX(Participantes!$B$9:$B$48,MATCH(IF(Participantes!E13=$C$6,1,Participantes!E13+1),Participantes!$E$9:$E$48,0)),"")) | I13: =IF($L13="","",INDEX(Deseos!$C$9:$C$48,MATCH($L13,Deseos!$H$9:$H$48,0))) | J13: =IF($L13="","",INDEX(Deseos!$D$9:$D$48,MATCH($L13,Deseos!$H$9:$H$48,0))) | L13: =IFERROR(SMALL(Deseos!$H$9:$H$48,2),"")
B14: =IF(Participantes!B14="","",Participantes!B14) | C14: =IF(B14="","",IF($C$5="Sí",G14,"••••••")) | D14: =IF(B14="","",Participantes!$F$5) | E14: =IF(OR(B14="",G14=""),"",IFERROR(INDEX(Participantes!$C$9:$C$48,MATCH(G14,Participantes!$B$9:$B$48,0))&"","")) | F14: =IF(B14="","",IF($C$6<2,"Faltan participantes",IF(G14="","Revisa nº de sorteo",IF(G14=B14,"Se toca a sí mismo",IF(AND(E14<>"",E14=Participantes!C14&""),"Mismo grupo","OK"))))) | G14: =IF(OR(B14="",$C$6<2),"",IFERROR(INDEX(Participantes!$B$9:$B$48,MATCH(IF(Participantes!E14=$C$6,1,Participantes!E14+1),Participantes!$E$9:$E$48,0)),"")) | I14: =IF($L14="","",INDEX(Deseos!$C$9:$C$48,MATCH($L14,Deseos!$H$9:$H$48,0))) | J14: =IF($L14="","",INDEX(Deseos!$D$9:$D$48,MATCH($L14,Deseos!$H$9:$H$48,0))) | L14: =IFERROR(SMALL(Deseos!$H$9:$H$48,3),"")
B15: =IF(Participantes!B15="","",Participantes!B15) | C15: =IF(B15="","",IF($C$5="Sí",G15,"••••••")) | D15: =IF(B15="","",Participantes!$F$5) | E15: =IF(OR(B15="",G15=""),"",IFERROR(INDEX(Participantes!$C$9:$C$48,MATCH(G15,Participantes!$B$9:$B$48,0))&"","")) | F15: =IF(B15="","",IF($C$6<2,"Faltan participantes",IF(G15="","Revisa nº de sorteo",IF(G15=B15,"Se toca a sí mismo",IF(AND(E15<>"",E15=Participantes!C15&""),"Mismo grupo","OK"))))) | G15: =IF(OR(B15="",$C$6<2),"",IFERROR(INDEX(Participantes!$B$9:$B$48,MATCH(IF(Participantes!E15=$C$6,1,Participantes!E15+1),Participantes!$E$9:$E$48,0)),""))
B16: =IF(Participantes!B16="","",Participantes!B16) | C16: =IF(B16="","",IF($C$5="Sí",G16,"••••••")) | D16: =IF(B16="","",Participantes!$F$5) | E16: =IF(OR(B16="",G16=""),"",IFERROR(INDEX(Participantes!$C$9:$C$48,MATCH(G16,Participantes!$B$9:$B$48,0))&"","")) | F16: =IF(B16="","",IF($C$6<2,"Faltan participantes",IF(G16="","Revisa nº de sorteo",IF(G16=B16,"Se toca a sí mismo",IF(AND(E16<>"",E16=Participantes!C16&""),"Mismo grupo","OK"))))) | G16: =IF(OR(B16="",$C$6<2),"",IFERROR(INDEX(Participantes!$B$9:$B$48,MATCH(IF(Participantes!E16=$C$6,1,Participantes!E16+1),Participantes!$E$9:$E$48,0)),"")) | I16: Ideas apuntadas: | J16: =IF(J7="","",COUNTIF(Deseos!$B$9:$B$48,J7))
B17: =IF(Participantes!B17="","",Participantes!B17) | C17: =IF(B17="","",IF($C$5="Sí",G17,"••••••")) | D17: =IF(B17="","",Participantes!$F$5) | E17: =IF(OR(B17="",G17=""),"",IFERROR(INDEX(Participantes!$C$9:$C$48,MATCH(G17,Participantes!$B$9:$B$48,0))&"","")) | F17: =IF(B17="","",IF($C$6<2,"Faltan participantes",IF(G17="","Revisa nº de sorteo",IF(G17=B17,"Se toca a sí mismo",IF(AND(E17<>"",E17=Participantes!C17&""),"Mismo grupo","OK"))))) | G17: =IF(OR(B17="",$C$6<2),"",IFERROR(INDEX(Participantes!$B$9:$B$48,MATCH(IF(Participantes!E17=$C$6,1,Participantes!E17+1),Participantes!$E$9:$E$48,0)),""))
B18: =IF(Participantes!B18="","",Participantes!B18) | C18: =IF(B18="","",IF($C$5="Sí",G18,"••••••")) | D18: =IF(B18="","",Participantes!$F$5) | E18: =IF(OR(B18="",G18=""),"",IFERROR(INDEX(Participantes!$C$9:$C$48,MATCH(G18,Participantes!$B$9:$B$48,0))&"","")) | F18: =IF(B18="","",IF($C$6<2,"Faltan participantes",IF(G18="","Revisa nº de sorteo",IF(G18=B18,"Se toca a sí mismo",IF(AND(E18<>"",E18=Participantes!C18&""),"Mismo grupo","OK"))))) | G18: =IF(OR(B18="",$C$6<2),"",IFERROR(INDEX(Participantes!$B$9:$B$48,MATCH(IF(Participantes!E18=$C$6,1,Participantes!E18+1),Participantes!$E$9:$E$48,0)),""))
B19: =IF(Participantes!B19="","",Participantes!B19) | C19: =IF(B19="","",IF($C$5="Sí",G19,"••••••")) | D19: =IF(B19="","",Participantes!$F$5) | E19: =IF(OR(B19="",G19=""),"",IFERROR(INDEX(Participantes!$C$9:$C$48,MATCH(G19,Participantes!$B$9:$B$48,0))&"","")) | F19: =IF(B19="","",IF($C$6<2,"Faltan participantes",IF(G19="","Revisa nº de sorteo",IF(G19=B19,"Se toca a sí mismo",IF(AND(E19<>"",E19=Participantes!C19&""),"Mismo grupo","OK"))))) | G19: =IF(OR(B19="",$C$6<2),"",IFERROR(INDEX(Participantes!$B$9:$B$48,MATCH(IF(Participantes!E19=$C$6,1,Participantes!E19+1),Participantes!$E$9:$E$48,0)),""))
B20: =IF(Participantes!B20="","",Participantes!B20) | C20: =IF(B20="","",IF($C$5="Sí",G20,"••••••")) | D20: =IF(B20="","",Participantes!$F$5) | E20: =IF(OR(B20="",G20=""),"",IFERROR(INDEX(Participantes!$C$9:$C$48,MATCH(G20,Participantes!$B$9:$B$48,0))&"","")) | F20: =IF(B20="","",IF($C$6<2,"Faltan participantes",IF(G20="","Revisa nº de sorteo",IF(G20=B20,"Se toca a sí mismo",IF(AND(E20<>"",E20=Participantes!C20&""),"Mismo grupo","OK"))))) | G20: =IF(OR(B20="",$C$6<2),"",IFERROR(INDEX(Participantes!$B$9:$B$48,MATCH(IF(Participantes!E20=$C$6,1,Participantes!E20+1),Participantes!$E$9:$E$48,0)),""))
B21: =IF(Participantes!B21="","",Participantes!B21) | C21: =IF(B21="","",IF($C$5="Sí",G21,"••••••")) | D21: =IF(B21="","",Participantes!$F$5) | E21: =IF(OR(B21="",G21=""),"",IFERROR(INDEX(Participantes!$C$9:$C$48,MATCH(G21,Participantes!$B$9:$B$48,0))&"","")) | F21: =IF(B21="","",IF($C$6<2,"Faltan participantes",IF(G21="","Revisa nº de sorteo",IF(G21=B21,"Se toca a sí mismo",IF(AND(E21<>"",E21=Participantes!C21&""),"Mismo grupo","OK"))))) | G21: =IF(OR(B21="",$C$6<2),"",IFERROR(INDEX(Participantes!$B$9:$B$48,MATCH(IF(Participantes!E21=$C$6,1,Participantes!E21+1),Participantes!$E$9:$E$48,0)),""))
B22: =IF(Participantes!B22="","",Participantes!B22) | C22: =IF(B22="","",IF($C$5="Sí",G22,"••••••")) | D22: =IF(B22="","",Participantes!$F$5) | E22: =IF(OR(B22="",G22=""),"",IFERROR(INDEX(Participantes!$C$9:$C$48,MATCH(G22,Participantes!$B$9:$B$48,0))&"","")) | F22: =IF(B22="","",IF($C$6<2,"Faltan participantes",IF(G22="","Revisa nº de sorteo",IF(G22=B22,"Se toca a sí mismo",IF(AND(E22<>"",E22=Participantes!C22&""),"Mismo grupo","OK"))))) | G22: =IF(OR(B22="",$C$6<2),"",IFERROR(INDEX(Participantes!$B$9:$B$48,MATCH(IF(Participantes!E22=$C$6,1,Participantes!E22+1),Participantes!$E$9:$E$48,0)),""))
B23: =IF(Participantes!B23="","",Participantes!B23) | C23: =IF(B23="","",IF($C$5="Sí",G23,"••••••")) | D23: =IF(B23="","",Participantes!$F$5) | E23: =IF(OR(B23="",G23=""),"",IFERROR(INDEX(Participantes!$C$9:$C$48,MATCH(G23,Participantes!$B$9:$B$48,0))&"","")) | F23: =IF(B23="","",IF($C$6<2,"Faltan participantes",IF(G23="","Revisa nº de sorteo",IF(G23=B23,"Se toca a sí mismo",IF(AND(E23<>"",E23=Participantes!C23&""),"Mismo grupo","OK"))))) | G23: =IF(OR(B23="",$C$6<2),"",IFERROR(INDEX(Participantes!$B$9:$B$48,MATCH(IF(Participantes!E23=$C$6,1,Participantes!E23+1),Participantes!$E$9:$E$48,0)),""))
B24: =IF(Participantes!B24="","",Participantes!B24) | C24: =IF(B24="","",IF($C$5="Sí",G24,"••••••")) | D24: =IF(B24="","",Participantes!$F$5) | E24: =IF(OR(B24="",G24=""),"",IFERROR(INDEX(Participantes!$C$9:$C$48,MATCH(G24,Participantes!$B$9:$B$48,0))&"","")) | F24: =IF(B24="","",IF($C$6<2,"Faltan participantes",IF(G24="","Revisa nº de sorteo",IF(G24=B24,"Se toca a sí mismo",IF(AND(E24<>"",E24=Participantes!C24&""),"Mismo grupo","OK"))))) | G24: =IF(OR(B24="",$C$6<2),"",IFERROR(INDEX(Participantes!$B$9:$B$48,MATCH(IF(Participantes!E24=$C$6,1,Participantes!E24+1),Participantes!$E$9:$E$48,0)),""))
B25: =IF(Participantes!B25="","",Participantes!B25) | C25: =IF(B25="","",IF($C$5="Sí",G25,"••••••")) | D25: =IF(B25="","",Participantes!$F$5) | E25: =IF(OR(B25="",G25=""),"",IFERROR(INDEX(Participantes!$C$9:$C$48,MATCH(G25,Participantes!$B$9:$B$48,0))&"","")) | F25: =IF(B25="","",IF($C$6<2,"Faltan participantes",IF(G25="","Revisa nº de sorteo",IF(G25=B25,"Se toca a sí mismo",IF(AND(E25<>"",E25=Participantes!C25&""),"Mismo grupo","OK"))))) | G25: =IF(OR(B25="",$C$6<2),"",IFERROR(INDEX(Participantes!$B$9:$B$48,MATCH(IF(Participantes!E25=$C$6,1,Participantes!E25+1),Participantes!$E$9:$E$48,0)),""))
B26: =IF(Participantes!B26="","",Participantes!B26) | C26: =IF(B26="","",IF($C$5="Sí",G26,"••••••")) | D26: =IF(B26="","",Participantes!$F$5) | E26: =IF(OR(B26="",G26=""),"",IFERROR(INDEX(Participantes!$C$9:$C$48,MATCH(G26,Participantes!$B$9:$B$48,0))&"","")) | F26: =IF(B26="","",IF($C$6<2,"Faltan participantes",IF(G26="","Revisa nº de sorteo",IF(G26=B26,"Se toca a sí mismo",IF(AND(E26<>"",E26=Participantes!C26&""),"Mismo grupo","OK"))))) | G26: =IF(OR(B26="",$C$6<2),"",IFERROR(INDEX(Participantes!$B$9:$B$48,MATCH(IF(Participantes!E26=$C$6,1,Participantes!E26+1),Participantes!$E$9:$E$48,0)),""))
B27: =IF(Participantes!B27="","",Participantes!B27) | C27: =IF(B27="","",IF($C$5="Sí",G27,"••••••")) | D27: =IF(B27="","",Participantes!$F$5) | E27: =IF(OR(B27="",G27=""),"",IFERROR(INDEX(Participantes!$C$9:$C$48,MATCH(G27,Participantes!$B$9:$B$48,0))&"","")) | F27: =IF(B27="","",IF($C$6<2,"Faltan participantes",IF(G27="","Revisa nº de sorteo",IF(G27=B27,"Se toca a sí mismo",IF(AND(E27<>"",E27=Participantes!C27&""),"Mismo grupo","OK"))))) | G27: =IF(OR(B27="",$C$6<2),"",IFERROR(INDEX(Participantes!$B$9:$B$48,MATCH(IF(Participantes!E27=$C$6,1,Participantes!E27+1),Participantes!$E$9:$E$48,0)),""))
B28: =IF(Participantes!B28="","",Participantes!B28) | C28: =IF(B28="","",IF($C$5="Sí",G28,"••••••")) | D28: =IF(B28="","",Participantes!$F$5) | E28: =IF(OR(B28="",G28=""),"",IFERROR(INDEX(Participantes!$C$9:$C$48,MATCH(G28,Participantes!$B$9:$B$48,0))&"","")) | F28: =IF(B28="","",IF($C$6<2,"Faltan participantes",IF(G28="","Revisa nº de sorteo",IF(G28=B28,"Se toca a sí mismo",IF(AND(E28<>"",E28=Participantes!C28&""),"Mismo grupo","OK"))))) | G28: =IF(OR(B28="",$C$6<2),"",IFERROR(INDEX(Participantes!$B$9:$B$48,MATCH(IF(Participantes!E28=$C$6,1,Participantes!E28+1),Participantes!$E$9:$E$48,0)),""))
... B48: =IF(Participantes!B48="","",Participantes!B48) | C48: =IF(B48="","",IF($C$5="Sí",G48,"••••••")) | D48: =IF(B48="","",Participantes!$F$5) | E48: =IF(OR(B48="",G48=""),"",IFERROR(INDEX(Participantes!$C$9:$C$48,MATCH(G48,Participantes!$B$9:$B$48,0))&"","")) | F48: =IF(B48="","",IF($C$6<2,"Faltan participantes",IF(G48="","Revisa nº de sorteo",IF(G48=B48,"Se toca a sí mismo",IF(AND(E48<>"",E48=Participantes!C48&""),"Mismo grupo","OK"))))) | G48: =IF(OR(B48="",$C$6<2),"",IFERROR(INDEX(Participantes!$B$9:$B$48,MATCH(IF(Participantes!E48=$C$6,1,Participantes!E48+1),Participantes!$E$9:$E$48,0)),""))

Sheet Deseos
B2: Listas de deseos
B3: Cada participante apunta ideas de regalo con su precio. La hoja «Sorteo» las enseña a quien le toca regalarle.
B5: Presupuesto máx.: | C5: =Participantes!F5
B8: Participante | C8: Idea de regalo | D8: Precio aprox. (€) | E8: Tienda o dónde encontrarlo | F8: Prioridad | G8: Encaja en el presupuesto | H8: Aux.
B9: Ana | C9: Set de velas aromáticas | D9: 15 | E9: Tienda del barrio | F9: Alta | G9: =IF(OR(B9="",D9=""),"",IF(D9<=$C$5,"Encaja","Se pasa")) | H9: =IF(B9="","",IF(B9=Sorteo!$J$7,ROW(),""))
B10: Ana | C10: Libro de cocina | D10: 18 | E10: Librería | F10: Media | G10: =IF(OR(B10="",D10=""),"",IF(D10<=$C$5,"Encaja","Se pasa")) | H10: =IF(B10="","",IF(B10=Sorteo!$J$7,ROW(),""))
B11: Bruno | C11: Auriculares con cable | D11: 19.9 | E11: Tienda de electrónica | F11: Alta | G11: =IF(OR(B11="",D11=""),"",IF(D11<=$C$5,"Encaja","Se pasa")) | H11: =IF(B11="","",IF(B11=Sorteo!$J$7,ROW(),""))
B12: Bruno | C12: Calcetines térmicos | D12: 8 | E12: Mercadillo | F12: Baja | G12: =IF(OR(B12="",D12=""),"",IF(D12<=$C$5,"Encaja","Se pasa")) | H12: =IF(B12="","",IF(B12=Sorteo!$J$7,ROW(),""))
B13: Carla | C13: Taza de cerámica artesana | D13: 12 | E13: Feria de artesanía | F13: Media | G13: =IF(OR(B13="",D13=""),"",IF(D13<=$C$5,"Encaja","Se pasa")) | H13: =IF(B13="","",IF(B13=Sorteo!$J$7,ROW(),""))
B14: Carla | C14: Agenda 2027 | D14: 14 | E14: Papelería | F14: Alta | G14: =IF(OR(B14="",D14=""),"",IF(D14<=$C$5,"Encaja","Se pasa")) | H14: =IF(B14="","",IF(B14=Sorteo!$J$7,ROW(),""))
B15: David | C15: Juego de mesa de cartas | D15: 16 | E15: Tienda de juegos | F15: Alta | G15: =IF(OR(B15="",D15=""),"",IF(D15<=$C$5,"Encaja","Se pasa")) | H15: =IF(B15="","",IF(B15=Sorteo!$J$7,ROW(),""))
B16: David | C16: Botella térmica | D16: 18 | E16: Deportes | F16: Media | G16: =IF(OR(B16="",D16=""),"",IF(D16<=$C$5,"Encaja","Se pasa")) | H16: =IF(B16="","",IF(B16=Sorteo!$J$7,ROW(),""))
B17: Elena | C17: Tarro de té variado | D17: 10 | E17: Herbolario | F17: Alta | G17: =IF(OR(B17="",D17=""),"",IF(D17<=$C$5,"Encaja","Se pasa")) | H17: =IF(B17="","",IF(B17=Sorteo!$J$7,ROW(),""))
B18: Elena | C18: Pañuelo estampado | D18: 14 | E18: Boutique | F18: Media | G18: =IF(OR(B18="",D18=""),"",IF(D18<=$C$5,"Encaja","Se pasa")) | H18: =IF(B18="","",IF(B18=Sorteo!$J$7,ROW(),""))
B19: Fernando | C19: Linterna frontal | D19: 17 | E19: Tienda de montaña | F19: Alta | G19: =IF(OR(B19="",D19=""),"",IF(D19<=$C$5,"Encaja","Se pasa")) | H19: =IF(B19="","",IF(B19=Sorteo!$J$7,ROW(),""))
B20: Gloria | C20: Puzzle 1000 piezas | D20: 15 | E20: Juguetería | F20: Alta | G20: =IF(OR(B20="",D20=""),"",IF(D20<=$C$5,"Encaja","Se pasa")) | H20: =IF(B20="","",IF(B20=Sorteo!$J$7,ROW(),""))
... B29: Luis | C29: Camiseta friki | D29: 18 | E29: Tienda de cómics | F29: Alta | G29: =IF(OR(B29="",D29=""),"",IF(D29<=$C$5,"Encaja","Se pasa")) | H29: =IF(B29="","",IF(B29=Sorteo!$J$7,ROW(),""))
G30: =IF(OR(B30="",D30=""),"",IF(D30<=$C$5,"Encaja","Se pasa")) | H30: =IF(B30="","",IF(B30=Sorteo!$J$7,ROW(),""))
G31: =IF(OR(B31="",D31=""),"",IF(D31<=$C$5,"Encaja","Se pasa")) | H31: =IF(B31="","",IF(B31=Sorteo!$J$7,ROW(),""))
G32: =IF(OR(B32="",D32=""),"",IF(D32<=$C$5,"Encaja","Se pasa")) | H32: =IF(B32="","",IF(B32=Sorteo!$J$7,ROW(),""))
G33: =IF(OR(B33="",D33=""),"",IF(D33<=$C$5,"Encaja","Se pasa")) | H33: =IF(B33="","",IF(B33=Sorteo!$J$7,ROW(),""))
G34: =IF(OR(B34="",D34=""),"",IF(D34<=$C$5,"Encaja","Se pasa")) | H34: =IF(B34="","",IF(B34=Sorteo!$J$7,ROW(),""))
G35: =IF(OR(B35="",D35=""),"",IF(D35<=$C$5,"Encaja","Se pasa")) | H35: =IF(B35="","",IF(B35=Sorteo!$J$7,ROW(),""))
G36: =IF(OR(B36="",D36=""),"",IF(D36<=$C$5,"Encaja","Se pasa")) | H36: =IF(B36="","",IF(B36=Sorteo!$J$7,ROW(),""))
G37: =IF(OR(B37="",D37=""),"",IF(D37<=$C$5,"Encaja","Se pasa")) | H37: =IF(B37="","",IF(B37=Sorteo!$J$7,ROW(),""))
G38: =IF(OR(B38="",D38=""),"",IF(D38<=$C$5,"Encaja","Se pasa")) | H38: =IF(B38="","",IF(B38=Sorteo!$J$7,ROW(),""))
G39: =IF(OR(B39="",D39=""),"",IF(D39<=$C$5,"Encaja","Se pasa")) | H39: =IF(B39="","",IF(B39=Sorteo!$J$7,ROW(),""))
G40: =IF(OR(B40="",D40=""),"",IF(D40<=$C$5,"Encaja","Se pasa")) | H40: =IF(B40="","",IF(B40=Sorteo!$J$7,ROW(),""))
G41: =IF(OR(B41="",D41=""),"",IF(D41<=$C$5,"Encaja","Se pasa")) | H41: =IF(B41="","",IF(B41=Sorteo!$J$7,ROW(),""))
... G48: =IF(OR(B48="",D48=""),"",IF(D48<=$C$5,"Encaja","Se pasa")) | H48: =IF(B48="","",IF(B48=Sorteo!$J$7,ROW(),""))

Sheet Regalos
B2: Control de regalos
B3: Seguimiento por persona: qué has pensado regalar, cuánto cuesta y si ya lo has comprado y entregado.
B5: Presupuesto máx.: | C5: =Participantes!F5 | D5: Intercambio: | E5: =Participantes!C6
B8: Regala | C8: A quién | D8: Idea de regalo elegida | E8: Precio real (€) | F8: ¿Comprado? | G8: ¿Entregado? | H8: Estado | I8: Frente al presupuesto | J8: Diferencia (€) | K8: Aux.
B9: =Sorteo!B9 | C9: =Sorteo!C9 | D9: Agenda 2027 | E9: 14 | F9: Sí | G9: No | H9: =IF(B9="","",IF(G9="Sí","Entregado",IF(F9="Sí","Comprado","Pendiente"))) | I9: =IF(OR(B9="",E9=""),"",IF(E9<=Participantes!$F$5,"Dentro","Se pasa")) | J9: =IF(OR(B9="",E9=""),"",Participantes!$F$5-E9) | K9: =IF(H9="Pendiente",ROW(),"")
B10: =Sorteo!B10 | C10: =Sorteo!C10 | D10: Puzzle 1000 piezas | E10: 15.5 | F10: Sí | G10: No | H10: =IF(B10="","",IF(G10="Sí","Entregado",IF(F10="Sí","Comprado","Pendiente"))) | I10: =IF(OR(B10="",E10=""),"",IF(E10<=Participantes!$F$5,"Dentro","Se pasa")) | J10: =IF(OR(B10="",E10=""),"",Participantes!$F$5-E10) | K10: =IF(H10="Pendiente",ROW(),"")
B11: =Sorteo!B11 | C11: =Sorteo!C11 | D11: Tarro de té variado | E11: 10 | F11: Sí | G11: Sí | H11: =IF(B11="","",IF(G11="Sí","Entregado",IF(F11="Sí","Comprado","Pendiente"))) | I11: =IF(OR(B11="",E11=""),"",IF(E11<=Participantes!$F$5,"Dentro","Se pasa")) | J11: =IF(OR(B11="",E11=""),"",Participantes!$F$5-E11) | K11: =IF(H11="Pendiente",ROW(),"")
B12: =Sorteo!B12 | C12: =Sorteo!C12 | D12: Set de acuarelas | E12: 16 | F12: Sí | G12: No | H12: =IF(B12="","",IF(G12="Sí","Entregado",IF(F12="Sí","Comprado","Pendiente"))) | I12: =IF(OR(B12="",E12=""),"",IF(E12<=Participantes!$F$5,"Dentro","Se pasa")) | J12: =IF(OR(B12="",E12=""),"",Participantes!$F$5-E12) | K12: =IF(H12="Pendiente",ROW(),"")
B13: =Sorteo!B13 | C13: =Sorteo!C13 | D13: Auriculares con cable | E13: 19.9 | F13: Sí | G13: No | H13: =IF(B13="","",IF(G13="Sí","Entregado",IF(F13="Sí","Comprado","Pendiente"))) | I13: =IF(OR(B13="",E13=""),"",IF(E13<=Participantes!$F$5,"Dentro","Se pasa")) | J13: =IF(OR(B13="",E13=""),"",Participantes!$F$5-E13) | K13: =IF(H13="Pendiente",ROW(),"")
B14: =Sorteo!B14 | C14: =Sorteo!C14 | D14: Cojín decorativo | E14: 13 | F14: No | G14: No | H14: =IF(B14="","",IF(G14="Sí","Entregado",IF(F14="Sí","Comprado","Pendiente"))) | I14: =IF(OR(B14="",E14=""),"",IF(E14<=Participantes!$F$5,"Dentro","Se pasa")) | J14: =IF(OR(B14="",E14=""),"",Participantes!$F$5-E14) | K14: =IF(H14="Pendiente",ROW(),"")
B15: =Sorteo!B15 | C15: =Sorteo!C15 | D15: Juego de mesa de cartas | E15: 21.5 | F15: Sí | G15: No | H15: =IF(B15="","",IF(G15="Sí","Entregado",IF(F15="Sí","Comprado","Pendiente"))) | I15: =IF(OR(B15="",E15=""),"",IF(E15<=Participantes!$F$5,"Dentro","Se pasa")) | J15: =IF(OR(B15="",E15=""),"",Participantes!$F$5-E15) | K15: =IF(H15="Pendiente",ROW(),"")
B16: =Sorteo!B16 | C16: =Sorteo!C16 | D16: Camiseta friki | E16: 18 | F16: Sí | G16: Sí | H16: =IF(B16="","",IF(G16="Sí","Entregado",IF(F16="Sí","Comprado","Pendiente"))) | I16: =IF(OR(B16="",E16=""),"",IF(E16<=Participantes!$F$5,"Dentro","Se pasa")) | J16: =IF(OR(B16="",E16=""),"",Participantes!$F$5-E16) | K16: =IF(H16="Pendiente",ROW(),"")
B17: =Sorteo!B17 | C17: =Sorteo!C17 | D17: Linterna frontal | F17: No | G17: No | H17: =IF(B17="","",IF(G17="Sí","Entregado",IF(F17="Sí","Comprado","Pendiente"))) | I17: =IF(OR(B17="",E17=""),"",IF(E17<=Participantes!$F$5,"Dentro","Se pasa")) | J17: =IF(OR(B17="",E17=""),"",Participantes!$F$5-E17) | K17: =IF(H17="Pendiente",ROW(),"")
B18: =Sorteo!B18 | C18: =Sorteo!C18 | D18: Set de velas aromáticas | E18: 15 | F18: Sí | G18: No | H18: =IF(B18="","",IF(G18="Sí","Entregado",IF(F18="Sí","Comprado","Pendiente"))) | I18: =IF(OR(B18="",E18=""),"",IF(E18<=Participantes!$F$5,"Dentro","Se pasa")) | J18: =IF(OR(B18="",E18=""),"",Participantes!$F$5-E18) | K18: =IF(H18="Pendiente",ROW(),"")
B19: =Sorteo!B19 | C19: =Sorteo!C19 | D19: Café de especialidad | F19: No | G19: No | H19: =IF(B19="","",IF(G19="Sí","Entregado",IF(F19="Sí","Comprado","Pendiente"))) | I19: =IF(OR(B19="",E19=""),"",IF(E19<=Participantes!$F$5,"Dentro","Se pasa")) | J19: =IF(OR(B19="",E19=""),"",Participantes!$F$5-E19) | K19: =IF(H19="Pendiente",ROW(),"")
B20: =Sorteo!B20 | C20: =Sorteo!C20 | D20: Especias del mundo | E20: 14 | F20: Sí | G20: No | H20: =IF(B20="","",IF(G20="Sí","Entregado",IF(F20="Sí","Comprado","Pendiente"))) | I20: =IF(OR(B20="",E20=""),"",IF(E20<=Participantes!$F$5,"Dentro","Se pasa")) | J20: =IF(OR(B20="",E20=""),"",Participantes!$F$5-E20) | K20: =IF(H20="Pendiente",ROW(),"")
B21: =Sorteo!B21 | C21: =Sorteo!C21 | H21: =IF(B21="","",IF(G21="Sí","Entregado",IF(F21="Sí","Comprado","Pendiente"))) | I21: =IF(OR(B21="",E21=""),"",IF(E21<=Participantes!$F$5,"Dentro","Se pasa")) | J21: =IF(OR(B21="",E21=""),"",Participantes!$F$5-E21) | K21: =IF(H21="Pendiente",ROW(),"")
B22: =Sorteo!B22 | C22: =Sorteo!C22 | H22: =IF(B22="","",IF(G22="Sí","Entregado",IF(F22="Sí","Comprado","Pendiente"))) | I22: =IF(OR(B22="",E22=""),"",IF(E22<=Participantes!$F$5,"Dentro","Se pasa")) | J22: =IF(OR(B22="",E22=""),"",Participantes!$F$5-E22) | K22: =IF(H22="Pendiente",ROW(),"")
B23: =Sorteo!B23 | C23: =Sorteo!C23 | H23: =IF(B23="","",IF(G23="Sí","Entregado",IF(F23="Sí","Comprado","Pendiente"))) | I23: =IF(OR(B23="",E23=""),"",IF(E23<=Participantes!$F$5,"Dentro","Se pasa")) | J23: =IF(OR(B23="",E23=""),"",Participantes!$F$5-E23) | K23: =IF(H23="Pendiente",ROW(),"")
B24: =Sorteo!B24 | C24: =Sorteo!C24 | H24: =IF(B24="","",IF(G24="Sí","Entregado",IF(F24="Sí","Comprado","Pendiente"))) | I24: =IF(OR(B24="",E24=""),"",IF(E24<=Participantes!$F$5,"Dentro","Se pasa")) | J24: =IF(OR(B24="",E24=""),"",Participantes!$F$5-E24) | K24: =IF(H24="Pendiente",ROW(),"")
B25: =Sorteo!B25 | C25: =Sorteo!C25 | H25: =IF(B25="","",IF(G25="Sí","Entregado",IF(F25="Sí","Comprado","Pendiente"))) | I25: =IF(OR(B25="",E25=""),"",IF(E25<=Participantes!$F$5,"Dentro","Se pasa")) | J25: =IF(OR(B25="",E25=""),"",Participantes!$F$5-E25) | K25: =IF(H25="Pendiente",ROW(),"")
B26: =Sorteo!B26 | C26: =Sorteo!C26 | H26: =IF(B26="","",IF(G26="Sí","Entregado",IF(F26="Sí","Comprado","Pendiente"))) | I26: =IF(OR(B26="",E26=""),"",IF(E26<=Participantes!$F$5,"Dentro","Se pasa")) | J26: =IF(OR(B26="",E26=""),"",Participantes!$F$5-E26) | K26: =IF(H26="Pendiente",ROW(),"")
B27: =Sorteo!B27 | C27: =Sorteo!C27 | H27: =IF(B27="","",IF(G27="Sí","Entregado",IF(F27="Sí","Comprado","Pendiente"))) | I27: =IF(OR(B27="",E27=""),"",IF(E27<=Participantes!$F$5,"Dentro","Se pasa")) | J27: =IF(OR(B27="",E27=""),"",Participantes!$F$5-E27) | K27: =IF(H27="Pendiente",ROW(),"")
B28: =Sorteo!B28 | C28: =Sorteo!C28 | H28: =IF(B28="","",IF(G28="Sí","Entregado",IF(F28="Sí","Comprado","Pendiente"))) | I28: =IF(OR(B28="",E28=""),"",IF(E28<=Participantes!$F$5,"Dentro","Se pasa")) | J28: =IF(OR(B28="",E28=""),"",Participantes!$F$5-E28) | K28: =IF(H28="Pendiente",ROW(),"")
B29: =Sorteo!B29 | C29: =Sorteo!C29 | H29: =IF(B29="","",IF(G29="Sí","Entregado",IF(F29="Sí","Comprado","Pendiente"))) | I29: =IF(OR(B29="",E29=""),"",IF(E29<=Participantes!$F$5,"Dentro","Se pasa")) | J29: =IF(OR(B29="",E29=""),"",Participantes!$F$5-E29) | K29: =IF(H29="Pendiente",ROW(),"")
B30: =Sorteo!B30 | C30: =Sorteo!C30 | H30: =IF(B30="","",IF(G30="Sí","Entregado",IF(F30="Sí","Comprado","Pendiente"))) | I30: =IF(OR(B30="",E30=""),"",IF(E30<=Participantes!$F$5,"Dentro","Se pasa")) | J30: =IF(OR(B30="",E30=""),"",Participantes!$F$5-E30) | K30: =IF(H30="Pendiente",ROW(),"")
B31: =Sorteo!B31 | C31: =Sorteo!C31 | H31: =IF(B31="","",IF(G31="Sí","Entregado",IF(F31="Sí","Comprado","Pendiente"))) | I31: =IF(OR(B31="",E31=""),"",IF(E31<=Participantes!$F$5,"Dentro","Se pasa")) | J31: =IF(OR(B31="",E31=""),"",Participantes!$F$5-E31) | K31: =IF(H31="Pendiente",ROW(),"")
B32: =Sorteo!B32 | C32: =Sorteo!C32 | H32: =IF(B32="","",IF(G32="Sí","Entregado",IF(F32="Sí","Comprado","Pendiente"))) | I32: =IF(OR(B32="",E32=""),"",IF(E32<=Participantes!$F$5,"Dentro","Se pasa")) | J32: =IF(OR(B32="",E32=""),"",Participantes!$F$5-E32) | K32: =IF(H32="Pendiente",ROW(),"")
... B48: =Sorteo!B48 | C48: =Sorteo!C48 | H48: =IF(B48="","",IF(G48="Sí","Entregado",IF(F48="Sí","Comprado","Pendiente"))) | I48: =IF(OR(B48="",E48=""),"",IF(E48<=Participantes!$F$5,"Dentro","Se pasa")) | J48: =IF(OR(B48="",E48=""),"",Participantes!$F$5-E48) | K48: =IF(H48="Pendiente",ROW(),"")

Sheet Instrucciones
B2: Amigo invisible · Cómo usarlo
B3: Plantilla gratuita de Plantillas de Cálculo · plantillasdecalculo.com
B5: CÓMO USARLA
B6: 1. En «Participantes» escribe el nombre del evento (C5), el presupuesto máximo por regalo (F5) y la fecha del intercambio (C6).
B7: 2. Apunta un participante por fila en la columna Nombre (hasta 40). Los nombres no pueden repetirse: añade una inicial si hay dos iguales.
B8: 3. En la columna Grupo escribe lo mismo a las personas que no deben regalarse entre sí (parejas, hermanos, familias). Déjalo vacío si no hace falta.
B9: 4. La columna «Nº de sorteo» ya trae un número aleatorio y fijo para cada fila. Ese orden decide el sorteo: cada uno regala a la persona siguiente y el último, al primero.
B10: 5. Abre «Sorteo»: verás quién regala a quién, el presupuesto y un control. Si el estado dice «Sorteo válido», todos los controles son OK.
B11: 6. Para un sorteo secreto cambia «Mostrar resultados» (C5) a «No» y que cada persona se consulte en «Consulta privada» eligiendo su nombre.
B12: 7. Cada participante puede apuntar ideas con su precio en «Deseos». Quien tiene que regalarle las verá en su consulta privada.
B13: 8. Según avance el evento, rellena «Regalos»: idea elegida, precio real y los desplegables ¿Comprado? y ¿Entregado?. El «Panel» lo resume todo.
B15: CONSEJOS
... B23: Las celdas con fondo crema y texto azul son para rellenar; las verdes se calculan solas.

Sheet Listas
A1: SiNo | B1: Prioridad
A2: Sí | B2: Alta
A3: No | B3: Media
B4: Baja
